cohdb
Replays
Latest Replays
All Replays
Popular Replays
Top Player Replays
Match Explorer
How It Works
Community
CoH3 Stats
Reddit
Sign in to upload your games and track your stats! →
Sign in with Steam
Match 43409194
Unlisted
Match 43409194
Overview
Messages
Build Orders
End
Selects Special Operations Battlegroup
Selects M29 Weasel Recon Vehicle
Construct Weapon Support Center
M29 Weasel Recon Vehicle
M1919 Machine Gun Team
Bazooka Squad
M1919 Machine Gun Team
Infantry Support Center
Bazooka Squad
Selects Raiding Flares
Construct Medical Station
Improved M9 Bazooka Rockets
Advanced Logistics
Selects SSF Commando Squad
SSF Commando Squad
Survival Training
SSF Commando Squad
Construct Tank Depot
Selects P-47 Anti-Infantry Loiter
Selects UNKNOWN (2162291)
SSF Commando Squad
M4A1 Sherman Whizbang
Selects Assault Operation
JRocinante
ds
MERCENARYCORPS
okinawa
[HAN]Diederick Kastner
Holyluya
STG44
ReverseAverage
0
0
Comments
sign in to comment!
No comments posted yet!